 Dungeon Crawl Stone Soup version 0.24.0-125-gc4c63601f3 (webtiles) character file.

Game seed: 6560658477815896769, levelgen mode: deterministic

21359 CrazyMind the Basher (level 12, -7/192 HPs)
             Began as an Ogre Hunter on Feb 19, 2020.
             Was an Elder of Zin.
             Splashed by a brown ugly thing's acid (10 damage)
             ... on level 11 of the Dungeon on Feb 21, 2020.
             The game lasted 01:54:09 (21371 turns).

CrazyMind the Basher (Ogre Hunter)                 Turns: 21371, Time: 01:54:09

Health: -7/192     AC: -11   Str: 25 (28) XL:     12   Next: 89%
Magic:  19/19      EV: 12    Int:  9 (12) God:    Zin [****..]
Gold:   549        SH:  2    Dex:  7 (9)  Spells: 11/11 levels left

rFire    . . .     SeeInvis +   S - +0 flail (holy)
rCold    . . .     Gourm    .   (no shield)
rNeg     . . .     Faith    .   K - +0 steam dragon scales
rPois    .         Spirit   .   (helmet restricted)
rElec    .         Reflect  +   k - +0 cloak
rCorr    .         Harm     .   (gloves unavailable)
MR       +....                  (boots unavailable)
Stlth    ..........             i - +2 amulet of reflection
HPRegen  0.42/turn              Y - ring of see invisible
MPRegen  0.16/turn              M - +2 ring of protection

@: berserking, corroded, very quick
A: large, unfitting armour, tough skin 1
a: Recite, Vitalisation, Imprison, Donate Gold, Renounce Religion


You were on level 11 of the Dungeon.
You worshipped Zin.
Zin was greatly pleased with you.
You were hungry.

You visited 3 branches of the dungeon, and saw 16 of its levels.
You also visited: Sewer.

You collected 681 gold pieces.
You donated 132 gold pieces to Zin.

Inventory:

Hand Weapons
 a - a +0 morningstar
 s - a +3 whip of electrocution
 C - a +0 giant spiked club
 N - the +4 rapier "Embalmer" {pierce, MR+ Int+3 Dex+3 Stlth+}
   (You took it off a kobold on level 7 of the Dungeon)

   It inflicts extra damage upon your enemies.
   It affects your intelligence (+3).
   It affects your dexterity (+3).
   It affects your resistance to hostile enchantments.
   It makes you more stealthy.
 S - a +0 flail of holy wrath (weapon)
Missiles
 c - 5 large rocks
 m - 408 stones (quivered)
 D - 49 poisoned darts
 Q - 4 curare-tipped darts
Armour
 k - a +0 cloak (worn)
 o - a +0 shield
 I - a +1 robe of cold resistance
 K - +0 steam dragon scales (worn)
Jewellery
 i - a +2 amulet of reflection (around neck)
 y - an uncursed ring of stealth
 M - a +2 ring of protection (right hand)
 Y - a ring of see invisible (left hand)
Wands
 w - a wand of paralysis (12)
 z - a wand of flame (49)
 A - a wand of scattershot (11)
 W - a wand of iceblast (11)
Scrolls
 b - a scroll of amnesia
 d - 2 scrolls of brand weapon {unknown}
 g - 2 scrolls of teleportation
 h - a scroll of identify
 l - 4 scrolls of remove curse
 q - a scroll of enchant armour {unknown}
 u - 2 scrolls of noise {unknown}
 v - a scroll of blinking
 x - 6 scrolls of enchant weapon
 B - 2 scrolls of immolation {unknown}
 F - a scroll of torment {unknown}
 G - 2 scrolls of fog {unknown}
 R - 4 scrolls of fear {unknown}
 U - a scroll of holy word {unknown}
 X - a scroll of vulnerability {unknown}
Potions
 e - a potion of invisibility
 n - 4 potions of ambrosia
 p - a potion of berserk rage
 t - a potion of heal wounds
 E - 2 potions of magic
 J - 2 potions of agility
 T - 2 potions of resistance
 V - 3 potions of haste
Comestibles
 f - 26 rations


   Skills:
 + Level 10.7 Fighting
 + Level 11.7 Maces & Flails
 - Level 10.0 Throwing
 + Level 7.2 Dodging
 - Level 0.6 Stealth
 * Level 9.6 Invocations


You had 11 spell levels left.
You didn't know any spells.
Your spell library contained the following spells:

 Spells                   Type           Power        Failure   Level  Hunger
 Confusing Touch          Hex            #.....       38%         1    ##.....
 Freeze                   Ice            #...         38%         1    ##.....
 Sandblast                Erth           #.....       38%         1    ##.....
 Passwall                 Tmut/Erth      #.......     52%         2    ###....
 Throw Frost              Conj/Ice       #.....       52%         2    ###....
 Confuse                  Hex            #.......     77%         3    ####...
 Gell's Gravitas          Tloc           #.........   77%         3    ####...
 Ozocubu's Armour         Chrm/Ice       #.......     77%         3    ####...
 Stone Arrow              Conj/Erth      #.....       77%         3    ####...
 Petrify                  Tmut/Erth      #.......     99%         4    #####..
 Summon Ice Beast         Ice/Summ       #.......     99%         4    #####..
 Throw Icicle             Conj/Ice       #.......     99%         4    #####..
 Lee's Rapid Deconstruct  Erth           #.........   100%        5    ######.
 Metabolic Englaciation   Hex/Ice        #.........   100%        5    ######.
 Yara's Violent Unravell  Hex/Tmut       #.........   100%        5    ######.


Dungeon Overview and Level Annotations

Branches:
Dungeon (11/15)            Temple (1/1) D:5            Lair (4/6) D:10
 Shoals (0/4) Lair:3        Snake (0/4) Lair:3          Orc (0/2) D:9
  Sewer (visited)

Altars:
Ashenzari
Cheibriados
Dithmenos
Elyvilon
Fedhas
Gozag
Hepliaklqana
Kikubaaqudgha
Makhleb
Nemelex Xobeh
Okawaru
Qazlal
Ru
Sif Muna
Trog
Uskayaw
Vehumet
Wu Jian
Xom
Yredelemnul
Zin
The Shining One

Shops:
D:4 =([}:   D:5 [[   D:9 !

Annotations:
D:1 orcs and ogres
D:9 1 transporter, Erolcha
D:11 2 transporters, barcode's ghost, journeyman TrAM
Lair:2 exclusion: 4 oklob plants
Lair:4 Sonja


Innate Abilities, Weirdness & Mutations

You are too large for most types of armour.
You have tough skin. (AC +1)


Message History

The brown ugly thing claws you!
* * * LOW HITPOINT WARNING * * *
The acid corrodes you!
You are splashed with acid!
* * * LOW HITPOINT WARNING * * *
You closely miss the brown ugly thing.
The brown ugly thing is severely wounded.
You barely miss the brown ugly thing.
The brown ugly thing is severely wounded.
The brown ugly thing claws you!
* * * LOW HITPOINT WARNING * * *
The acid corrodes you!
You are splashed with acid!
* * * LOW HITPOINT WARNING * * *
You barely miss the brown ugly thing.
The brown ugly thing is severely wounded.
You hit the brown ugly thing.
The brown ugly thing is severely wounded.
The brown ugly thing claws you! Zin protects you from harm!
The acid corrodes you!
You are splashed with acid!
You die...

......# #.# #####+#####
##.#### #.# ...# #.# '#####
#.# ##+ .†...# #.# >... .....#
#.# ..... .....# #.# ###......
.....# ###)##########.'......
.....####.......@uZ....#......
.....'....#.############ .....
.....######.# Z... .....# #.#
... ###### #.# ## #.# #.# #.#
#.#


You could see a brown ugly thing and a centaur warrior skeleton.

Vanquished Creatures
  3 hydras
  A two-headed ogre (D:10)
  2 unseen horrors (D:11)
  5 elephants
  Joseph (D:10)
  3 black mambas
  2 spiny frogs (Lair:3)
  A centaur skeleton (D:10)
  A komodo dragon (D:10)
  A gargoyle (D:11)
  Grinder (D:4)
  2 trolls
  4 hippogriffs
  2 hornets
  Sigmund (D:4)
  A wyvern (Lair:3)
  A basilisk (Lair:2)
  17 yaks
  A human (D:8)
  A steam dragon (D:10)
  3 hungry ghosts
  Edmund (D:6)
  A swamp worm (shapeshifter) (D:11)
  A warg (D:8)
  4 nagas (Lair:3)
  3 water moccasins
  5 porcupines
  Duvessa (D:6)
  4 orc warriors
  A sky beast (D:6)
  A black bear (D:5)
  3 ice beasts
  2 necrophages (D:11)
  4 wolves (Lair:1)
  2 ogres
  2 phantoms
  5 centaurs
  6 crocodiles
  3 big kobolds
  10 bullfrogs
  Dowan (D:6)
  3 scorpions
  11 killer bees
  4 howler monkeys
  An electric eel (Lair:3)
  5 crimson imps
  2 jellies
  A quasit (D:11)
  3 bullfrog skeletons
  2 centaur zombies
  10 orc priests
  A bullfrog zombie (D:11)
  3 hounds
  A gnoll shaman (D:6)
  9 orc wizards
  6 worker ants
  2 iguanas
  A hound zombie (D:8)
  A worker ant zombie (D:11)
  3 gnolls (D:7)
  A howler monkey skeleton (D:7)
  11 adders
  A river rat (D:5)
  An ooze (D:6)
  2 worms
  2 dart slugs (D:1)
  6 leopard geckos
  36 orcs
  4 ball pythons
  5 giant cockroaches
  6 goblins
  9 hobgoblins
  19 jackals
  6 quokkas
  5 bats
  4 frilled lizards
  27 kobolds
  A quokka zombie (D:7)
  3 rats
  4 plants (Sewer)
336 creatures vanquished.

Vanquished Creatures (others)
  2 fungi
  21 plants
23 creatures vanquished.

Grand Total: 359 creatures vanquished

Notes
Turn   | Place    | Note
-------+----------+-------------------------------------------
     0 | D:1      | CrazyMind the Ogre Hunter began the quest for the Orb.
     0 | D:1      | Reached XP level 1. HP: 22/22 MP: 1/1
   418 | D:1      | Reached XP level 2. HP: 28/29 MP: 2/2
  1168 | D:1      | Reached XP level 3. HP: 21/37 MP: 3/3
  1613 | D:1      | Noticed an ogre
  1663 | D:1      | Noticed an ogre
  1667 | D:1      | Noticed an ogre
  1667 | D:1      | Noticed an ogre
  2087 | D:1      | Reached skill level 1 in Maces & Flails
  2922 | D:2      | Reached XP level 4. HP: 40/45 MP: 4/4
  3297 | D:3      | Reached skill level 2 in Maces & Flails
  4047 | D:4      | Noticed a phantom
  4111 | D:4      | Found Xeanarycuch's Antique Weapon Boutique.
  4160 | D:4      | Killed a phantom
  4160 | D:4      | Reached skill level 3 in Maces & Flails
  4160 | D:4      | Reached XP level 5. HP: 23/53 MP: 5/5
  4402 | D:4      | Reached XP level 6. HP: 51/61 MP: 6/6
  4407 | D:4      | Found Cotahut's Jewellery Boutique.
  4458 | D:4      | Noticed Grinder
  4458 | D:4      | Noticed Sigmund
  4473 | D:4      | Paralysed by Grinder for 3 turns
  4654 | D:4      | Paralysed by Grinder for 6 turns
  4687 | D:3      | Reached skill level 4 in Maces & Flails
  4995 | D:4      | Killed Sigmund
  4995 | D:4      | Reached skill level 5 in Throwing
  4995 | D:4      | Reached XP level 7. HP: 60/68 MP: 7/7
  5111 | D:4      | Found Cotilayc's Gadget Boutique.
  5120 | D:4      | Found Jobeg's Antique Armour Shop.
  5142 | D:4      | Paralysed by Grinder for 7 turns
  5150 | D:4      | Killed Grinder
  5150 | D:4      | Reached skill level 5 in Maces & Flails
  5291 | D:4      | Found Xoenavom's Book Shop.
  5397 | D:5      | Entered Level 5 of the Dungeon
  5404 | D:5      | Found a glowing drain.
  5436 | Sewer    | Entered a sewer
  6694 | D:5      | Found Avawotao's Armour Boutique.
  6724 | D:5      | Reached XP level 8. HP: 73/79 MP: 8/8
  6757 | D:5      | Reached skill level 6 in Maces & Flails
  6892 | D:5      | Found Kaoru's Armour Shop.
  6995 | D:5      | Found a staircase to the Ecumenical Temple.
  7013 | Temple   | Entered the Ecumenical Temple
  7223 | Temple   | Became a worshipper of Zin the Law-Giver
  7223 | Temple   | Reached * piety under Zin
  7225 | Temple   | Donated 64 gold pieces to Zin
  7269 | D:5      | Found a sacrificial altar of Ru.
  7587 | D:6      | Noticed Edmund
  7620 | D:6      | Killed Edmund
  7620 | D:6      | Reached skill level 1 in Invocations
  7868 | D:6      | Noticed Dowan
  7869 | D:6      | Noticed Duvessa
  7975 | D:5      | Reached skill level 5 in Fighting
  8125 | D:5      | Reached skill level 7 in Maces & Flails
  8436 | D:6      | Reached XP level 9. HP: 30/88 MP: 10/10
  8808 | D:6      | Killed Duvessa
  8811 | D:6      | Killed Dowan
  9277 | D:7      | Reached skill level 8 in Maces & Flails
  9816 | D:7      | Found a snail-covered altar of Cheibriados.
  9850 | D:7      | Reached ** piety under Zin
 10006 | D:7      | Found a shimmering altar of Xom.
 10046 | D:7      | Identified the +4 rapier "Embalmer" {pierce, MR+ Int+3
                  | Dex+3 Stlth+}
 10646 | D:7      | Reached skill level 9 in Maces & Flails
 10992 | D:8      | Reached XP level 10. HP: 93/100 MP: 13/13
 11592 | D:8      | Reached *** piety under Zin
 12174 | D:8      | Reached skill level 5 in Dodging
 12314 | D:8      | Reached skill level 5 in Invocations
 12653 | D:9      | Found a staircase to the Orcish Mines.
 12706 | D:9      | Found Cour Veph's Distillery.
 13012 | D:9      | Noticed Erolcha
 13084 | D:9      | Found a transporter.
 13246 | D:10     | Entered Level 10 of the Dungeon
 13352 | D:10     | Reached skill level 10 in Maces & Flails
 13456 | D:10     | Found the +5 robe of Misfortune {*Contam Harm *Corrode
                  | *Drain *Slow EV+5}
 13474 | D:10     | Got a crude whip
 13483 | D:10     | Identified the cursed +3 whip of Traps {venom, Dex+3} (You
                  | found it on level 10 of the Dungeon)
 13549 | D:10     | Noticed Joseph
 13902 | D:10     | Noticed a two-headed ogre
 13917 | D:10     | Killed a two-headed ogre
 13917 | D:10     | Reached XP level 11. HP: 35/109 MP: 14/16
 14887 | D:10     | Found a staircase to the Lair.
 14980 | D:10     | Killed Joseph
 15248 | Lair:1   | Entered Level 1 of the Lair of Beasts
 16303 | Lair:2   | Noticed a seven-headed hydra
 16324 | Lair:2   | Killed a seven-headed hydra
 16923 | Lair:2   | Noticed an oklob plant
 16923 | Lair:2   | Noticed an oklob plant
 16923 | Lair:2   | Noticed an oklob plant
 16923 | Lair:2   | Noticed an oklob plant
 17549 | Lair:3   | Noticed a four-headed hydra
 17850 | Lair:3   | Killed a four-headed hydra
 17850 | Lair:3   | Reached skill level 10 in Throwing
 17850 | Lair:3   | Reached XP level 12. HP: 105/122 MP: 18/18
 17896 | Lair:3   | Found a staircase to the Shoals.
 18157 | Lair:3   | Reached skill level 11 in Maces & Flails
 18497 | Lair:3   | Found a staircase to the Snake Pit.
 18551 | Lair:3   | Noticed a five-headed hydra
 18558 | Lair:3   | Killed a five-headed hydra
 19854 | Lair:4   | Reached **** piety under Zin
 19954 | Lair:4   | Reached skill level 10 in Fighting
 20306 | Lair:4   | Noticed Sonja
 20463 | D:11     | Found a transporter.
 20463 | D:11     | Noticed barcode's ghost (journeyman TrAM)
 20467 | D:11     | Found a transporter.
 21369 | D:11     | HP: 9/192 [brown ugly thing (13)]
 21369 | D:11     | HP: 2/192 [acid (7)]
 21371 | D:11     | Zin protects you from harm!
 21371 | D:11     | Splashed by a brown ugly thing's acid

Levels and vault maps discovered:
D:1:      erik_arrival_cave_to_civilisation [erik_arrival_cave_to_temple],
          layout_basic, chequers_decorated_corner, serial_bayou_pond_e
D:2:      layout_loops_cross, first_ration
D:3:      layout_loops_corners
D:4:      layout_rooms, serial_shops, kennysheep_little_box, shop,
          nicolae_shop_overgrown_old_shop, shop, shop, uniq_grinder,
          uniq_sigmund
D:5:      layout_loops_ring, minmay_temple_entry_statues_fountains,
          serial_shops, shop_statue, shop, cheibrodos_sewer_entry_sluice,
          nicolae_ru_awakened_eye
D:6:      layout_loops_ring, uniq_duvessa, uniq_edmund
D:7:      layout_basic, lemuel_round_altar, xom_teletrap_fun
D:8:      layout_basic
D:9:      gammafunk_jiyva_shrine, layout_gridville, erik_orc_4, serial_shops,
          nicolae_shop_waterfront, uniq_erolcha
D:10:     layout_gridville, david_lair_shrubbed, uniq_joseph
D:11:     layout_roguey, serial_shops, nicolae_shop_trees,
          gammafunk_ghost_mausoleum
Temple:   nicolae_temple_the_god_donut
Lair:1:   layout_chaotic_city, chequers_serial_rivers_micro_d,
          serial_bayou_lagoon_a, infiniplex_staircase_pool_2,
          serial_bayou_shore_b
Lair:2:   layout_regular_city, fungi_pond_lemuel,
          chequers_serial_rivers_large_a, minmay_lair_oklob_chamber,
          lemuel_fruit_tree
Lair:3:   layout_gridlike, shoals_dummy_entry,
          minmay_snake_entry_guardpost_medium, minmay_holes, grunt_megastairs_3
Lair:4:   layout_regular_city, uniq_sonja

Skill      XL: |  1  2  3  4  5  6  7  8  9 10 11 12 |
---------------+-------------------------------------+-----
Fighting       | 3 4 5 6 7 8 10 | 10.7
Dodging        | 2 3 4 5 6 7 |  7.2
Maces & Flails | 1 3 4 5 7 9 10 11 | 11.7
Throwing       | 5 6 7 10 | 10.0
Invocations    | 2 4 6 8 9 |  9.6
Stealth        | |  0.6

Action                   |  1- 3 |  4- 6 |  7- 9 | 10-12 || total
-------------------------+-------+-------+-------+-------++-------
Melee: Club              |   171 |       |       |       ||   171
       Short sword       |     8 |       |       |       ||     8
       Mace              |     6 |     6 |       |       ||    12
       Whip              |       |    67 |   437 |   674 ||  1178
       Flail             |       |       |       |    36 ||    36
       Giant spiked club |       |       |       |     6 ||     6
Throw: Stone             |    12 |    21 |    79 |    94 ||   206
       Large rock        |     3 |       |     6 |    24 ||    33
       Dart              |       |       |    17 |    45 ||    62
       Boomerang         |       |       |       |   137 ||   137
       Throwing net      |       |       |       |     2 ||     2
Invok: Recite            |       |       |     7 |    14 ||    21
       Donate Gold       |       |       |     1 |       ||     1
       Vitalisation      |       |       |     1 |     5 ||     6
       Imprison          |       |       |       |     3 ||     3
Evoke: Wand              |       |       |       |     1 ||     1
  Use: Potion            |       |     2 |     2 |    14 ||    18
       Scroll            |       |       |     5 |     9 ||    14
 Stab: Sleeping          |     1 |     1 |     4 |     5 ||    11
       Invisible         |       |     2 |       |     3 ||     5
       Confused          |       |       |       |     8 ||     8
  Eat: Chunk             |     7 |     6 |    10 |    22 ||    45
       Ration            |       |       |     3 |     3 ||     6
Armor: Robe              |    56 |     9 |    83 |    45 ||   193
       Steam dragon scal |       |       |       |    77 ||    77
Dodge: Dodged            |   114 |    38 |   158 |   267 ||   577
Block: Other             |    12 |       |    29 |    25 ||    66
       Reflection        |       |       |     3 |     3 ||     6
